 Dungeon Crawl Stone Soup version 0.31-a0-620-gd1cbd99268 (webtiles) character file.

Game seed: 12974998793732616713

4391 gruber the Mimic (level 10, -2/98 HPs)
             Began as a Troll Shapeshifter on Aug 23, 2023.
             Was a Priest of Uskayaw.
             Slain by a vampire mosquito (8 damage)
             ... on level 9 of the Dungeon.
             The game lasted 00:06:36 (6091 turns).

gruber the Mimic (Troll Shapeshifter)               Turns: 6091, Time: 00:06:37

Health: -2/98      AC:  2    Str: 29    XL:     10   Next: 13%
Magic:  9/9        EV:  9    Int:  4    God:    Uskayaw [***...]
Gold:   494        SH:  0    Dex: 10    Spells: 9/9 levels left

rFire   . .          .
                       - Unarmed
rCold   + . .        (no shield)
rNeg    . . .        o - melded +2 animal skin
rPois   .            (helmet restricted)
rElec   .            (no cloak)
rCorr   .            (gloves unavailable)
SInv    .            (boots unavailable)
Will    .....        C - amulet of regeneration
Stlth   +            D - ring of protection from cold
HPRegen 1.96/turn    (no ring)
MPRegen 0.11/turn

%: no passive effects
@: maw-form
A: devouring maw, large, unfitting armour, claws 3, regeneration 1, shaggy fur
1, tough skin 1
a: Begin Untransformation, Renounce Religion, Stomp, Line Pass


You were on level 9 of the Dungeon.
You worshipped Uskayaw.
Uskayaw was noncommittal.
You were a creature with a mouth for a stomach.
You visited 2 branches of the dungeon, and saw 10 of its levels.

You collected 494 gold pieces.

Inventory:

Missiles
 x - a throwing net
 B - 3 curare-tipped darts
 F - 12 poisoned darts
Armour
 o - a +2 animal skin (melded)
Jewellery
 C - an amulet of regeneration (around neck)
 D - a ring of protection from cold (left claw)
Talismans
 c - a beast talisman
 d - a flux talisman
 w - a maw talisman (active)
Wands
 q - a wand of iceblast (4)
 E - a wand of mindburst (20)
 H - a wand of paralysis (3)
 J - a wand of light (5)
Scrolls
 a - 5 scrolls of fog {unknown}
 e - a scroll of immolation {unknown}
 f - 12 scrolls of identify {unknown}
 g - 4 scrolls of enchant weapon {unknown}
 h - 5 scrolls of teleportation {unknown}
 i - a scroll of blinking {unknown}
 k - 3 scrolls of poison {unknown}
 m - 3 scrolls of vulnerability {unknown}
 n - 2 scrolls of silence {unknown}
 t - 2 scrolls of amnesia {unknown}
 u - 3 scrolls of noise {unknown}
 v - a scroll of enchant armour {unknown}
 y - 4 scrolls of revelation {unknown}
 z - 2 scrolls of fear {unknown}
Potions
 b - 3 potions of lignification
 j - a potion of resistance {unknown}
 l - 2 potions of curing {unknown}
 p - a potion of mutation {unknown}
 r - a potion of enlightenment {unknown}
 s - a potion of attraction {unknown}
 A - a potion of degeneration {unknown}
 G - a potion of heal wounds {unknown}
 I - 2 potions of might {unknown}


   Skills:
 - Level 6.0 Fighting
 - Level 1.5 Dodging
 * Level 8.4 Unarmed Combat
 - Level 10.0 Shapeshifting


You had 9 spell levels left.
You didn't know any spells.
Your spell library contained the following spells:

 Spells                   Type           Power      Damage    Failure   Level
 Lesser Beckoning         Tloc           0%         N/A       65%         2
 Gell's Gravitas          Tloc           0%         N/A       86%         3
 Teleport Other           Tloc           0%         N/A       86%         3


Dungeon Overview and Level Annotations

Branches:
Dungeon (9/15)             Temple (1/1) D:4
   Lair: D:8-11         Orc: D:9-12

Altars:
Ashenzari
Cheibriados
Elyvilon
Fedhas
Hepliaklqana
Kikubaaqudgha
Makhleb
Nemelex Xobeh
Qazlal
Ru
Sif Muna
Trog
Uskayaw
Wu Jian
Xom
Yredelemnul
Zin
The Shining One

Shops:
D:3 :

Annotations:
D:5 1 runed translucent door, WhatIsLove's ghost, novice HOMo
D:6 1 runed translucent door, gruber's ghost, novice BaSu


Innate Abilities, Weirdness & Mutations

You are a creature with a mouth for a stomach.
Your midsection houses a second, enormous mouth.
You are too large for most types of armour.
You have claws for hands.
Your natural rate of healing is unusually fast.
You are covered in fur. (AC +1)
You have tough skin. (AC +1)


Message History

Unknown command.
You closely miss the vampire mosquito. You bite the vampire mosquito!
The vampire mosquito is severely damaged.
The vampire mosquito bites you but does no damage.
The vampire mosquito bites you.
The vampire mosquito draws strength from your injuries!
The vampire mosquito barely misses you. The vampire mosquito bites you!
* * * LOW HITPOINT WARNING * * *
The vampire mosquito draws strength from your injuries!
You can now pass through a line of other dancers.
Unknown command.
You claw the vampire mosquito!
You devour the vampire mosquito!
You feel better.
You destroy the vampire mosquito!
The vampire mosquito bites you but does no damage.
The vampire mosquito bites you.
* * * LOW HITPOINT WARNING * * *
The vampire mosquito draws strength from your injuries!
The vampire mosquito bites you!
* * * LOW HITPOINT WARNING * * *
The vampire mosquito draws strength from your injuries!
Unknown command.
You barely miss the vampire mosquito. You bite the vampire mosquito!
The vampire mosquito is severely damaged.
The vampire mosquito bites you!
* * * LOW HITPOINT WARNING * * *
The vampire mosquito draws strength from your injuries!
The vampire mosquito bites you!
* * * LOW HITPOINT WARNING * * *
The vampire mosquito draws strength from your injuries!
The vampire mosquito bites you but does no damage. x2
Uskayaw will force your foes to helplessly watch your dance.
Unknown command.
You miss the vampire mosquito.
The vampire mosquito is heavily damaged.
The vampire mosquito bites you.
* * * LOW HITPOINT WARNING * * *
The vampire mosquito draws strength from your injuries!
The vampire mosquito bites you!
You die...

...... #.#.# ..#
.....K###.#.##...
..........#.....#
.........K....#.#.
#...KKK.......
#.###KK##...) #
#Kc#..# ##yy.###
##W....#
####......#
###..>......#
#.....####....#
#†##<## #....
##.#..# ....
#....## ... ######
..


You could see 2 vampire mosquitoes, a kobold brigand, a centaur and 6 kobolds.

Vanquished Creatures
  A boulder beetle (D:7)
  Prince Ribbit (D:6)
  Sigmund (D:4)
  A wraith (D:7)
  3 yaks (D:9)
  A steam dragon (D:7)
  2 vampire mosquitoes
  Edmund (D:4)
  2 orc warriors
  2 ice beasts
  A black bear (D:7)
  2 centaurs
  3 kobold brigands
  3 bullfrogs
  2 scorpions (D:5)
  A gnoll sergeant (D:8)
  2 wights (D:7)
  5 killer bees (D:8)
  4 howler monkeys
  An electric eel (D:8)
  3 hounds
  2 orc priests
  4 jellies
  A sleepcap (D:6)
  An iguana (D:7)
  4 orc wizards
  Robin (D:2)
  6 gnolls
  9 adders
  A shadow imp (D:6)
  A white imp (D:6)
  5 dart slugs
  22 orcs
  6 ball pythons
  2 endoplasms
  A giant cockroach (D:2)
  25 goblins
  17 hobgoblins
  10 kobolds
  4 quokkas
  3 frilled lizards
  8 rats
175 creatures vanquished.

Notes
Turn   | Place    | Note
-------+----------+-------------------------------------------
     0 | D:1      | gruber the Troll Shapeshifter began the quest for the Orb.
     0 | D:1      | Reached XP level 1. HP: 18/18 MP: 0/0
   245 | D:1      | Reached XP level 2. HP: 26/26 MP: 1/1
   460 | D:1      | Found a faded altar of an unknown god.
   640 | D:2      | Reached XP level 3. HP: 30/32 MP: 2/2
   717 | D:2      | Noticed Robin
   763 | D:2      | Killed Robin
   842 | D:2      | Reached XP level 4. HP: 40/40 MP: 3/3
   928 | D:2      | Reached skill level 5 in Unarmed Combat
  1278 | D:3      | Found a snail-covered altar of Cheibriados.
  1390 | D:3      | Reached XP level 5. HP: 46/46 MP: 4/4
  1487 | D:3      | Found Poashim's Book Emporium.
  2261 | D:4      | Noticed Sigmund
  2263 | D:4      | Killed Sigmund
  2264 | D:4      | Reached XP level 6. HP: 54/54 MP: 5/5
  2370 | D:4      | Found a staircase to the Ecumenical Temple.
  2375 | D:4      | Noticed Edmund
  2381 | D:4      | Killed Edmund
  2603 | D:5      | Entered Level 5 of the Dungeon
  2614 | D:5      | Reached skill level 1 in Fighting
  2614 | D:5      | Reached XP level 7. HP: 55/63 MP: 6/6
  2692 | D:5      | Found an ancient bone altar of Kikubaaqudgha.
  2838 | D:5      | Noticed WhatIsLove's ghost (novice HOMo)
  2840 | D:5      | Found a runed translucent door.
  3200 | D:6      | Noticed Prince Ribbit
  3209 | D:6      | Reached XP level 8. HP: 75/79 MP: 7/7
  3226 | D:6      | Reached skill level 5 in Fighting
  3231 | D:6      | Killed Prince Ribbit
  3416 | D:6      | Found a runed translucent door.
  3417 | D:6      | Noticed gruber's ghost (novice BaSu)
  4210 | D:7      | Reached skill level 4 in Shapeshifting
  4233 | D:7      | Noticed a boulder beetle
  4242 | D:7      | Reached skill level 5 in Shapeshifting
  4264 | D:7      | Killed a boulder beetle
  4265 | D:7      | Reached skill level 7 in Shapeshifting
  4265 | D:7      | Reached XP level 9. HP: 34/89 MP: 8/8
  4399 | D:7      | Reached skill level 8 in Shapeshifting
  5129 | D:8      | Reached skill level 9 in Shapeshifting
  5316 | Temple   | Entered the Ecumenical Temple
  5614 | D:8      | Found a shimmering altar of Xom.
  5615 | D:8      | Found a blossoming altar of Fedhas.
  5897 | D:8      | Found a hide-covered altar of Uskayaw.
  5909 | D:8      | Became a worshipper of Uskayaw the Reveller
  6056 | D:9      | Reached * piety under Uskayaw
  6057 | D:9      | Reached XP level 10. HP: 98/98 MP: 9/9
  6057 | D:9      | Reached ** piety under Uskayaw
  6060 | D:9      | Reached *** piety under Uskayaw
  6061 | D:9      | Reached skill level 10 in Shapeshifting
  6062 | D:9      | Reached **** piety under Uskayaw
  6091 | D:9      | Slain by a vampire mosquito

Illustrated notes

Levels and vault maps discovered:
D:1:      ldierk_walled_garden, layout_rooms,
          shapermc_ecumenical_altar_mp_ritualfount, minmay_statues_item,
          minmay_door_square
D:2:      layout_basic, minmay_misc_feat_x, uniq_robin
D:3:      cheibrodos_greedy_goblins, layout_loops_corners,
          nicolae_overflow_crystal_walls, serial_shops,
          nicolae_shop_tiny_real_fake_doors
D:4:      layout_basic, minmay_temple_entry_hall, uniq_edmund, uniq_sigmund
D:5:      layout_rooms, mainiacjoe_overflow_surrounded_room,
          hellmonk_ghost_happy_afterlife, fountainhead
D:6:      layout_cave_pods, gammafunk_ghost_grave,
          chequers_serial_rivers_room_a, uniq_prince_ribbit1
D:7:      layout_basic, hangedman_minor_gate_pass
D:8:      layout_rooms, nicolae_overflow_squiral, nicolae_uskayaw_dance_studio,
          minmay_misc_feat_four_crosses
D:9:      layout_rooms, nicolae_dithmenos_through_a_glass_darkly,
          amethyst_overflow_temple_binary
Temple:   cyrus_circular_temple

Skill      XL: |  1  2  3  4  5  6  7  8  9 10 |
---------------+-------------------------------+-----
Unarmed Combat | 4 5 7 8 |  8.4
Fighting       | 1 4 6 |  6.0
Shapeshifting  | 7 9 10 | 10.0
Dodging        | |  1.5

Action                     |  1- 3 |  4- 6 |  7- 9 | 10-12 || total
---------------------------+-------+-------+-------+-------++-------
  Melee: Unarmed           |    85 |   139 |   219 |    12 ||   455
         Punch             |     1 |     4 |     5 |     1 ||    11
         Maw               |       |       |       |     2 ||     2
  Throw: Dart              |       |       |     4 |       ||     4
  Evoke: Wand              |       |     2 |     2 |       ||     4
   Stab: Paralysed         |       |       |       |     1 ||     1
 Armour: Animal skin       |    25 |    48 |    66 |     2 ||   141
         Skin              |       |       |       |     6 ||     6
  Dodge: Dodged            |    24 |    65 |    92 |     9 ||   190
   Form: Maw               |       |       |       |     1 ||     1

Table legend: (Time is in decaauts)
 A = Elapsed time spent in this place.
 B = Non-inter-level travel time spent in this place.
 C = Inter-level travel time spent in this place.
 D = Time resting spent in this place.
 E = Time spent auto-exploring this place.
 F = Levels seen in this place.
 G = Mean time per level.
                   A        B        C        D        E       F      G
               +--------+--------+--------+--------+--------+-----+--------+
         Total |   6048 |   5575 |    473 |    100 |   4503 |  10 |  604.8 |
       Dungeon |   5946 |   5475 |    471 |      0 |   4503 |   9 |  660.7 |
        Temple |    101 |    100 |      1 |    100 |      0 |   1 |  101.0 |
               +--------+--------+--------+--------+--------+-----+--------+

Top non-repeatable levels by time:
     D:7: 1032 daAuts
     D:6: 1004 daAuts
     D:3: 835 daAuts
     D:2: 710 daAuts
     D:8: 618 daAuts
     D:4: 600 daAuts
     D:5: 597 daAuts
     D:1: 501 daAuts
  Temple: 101 daAuts
     D:9: 45 daAuts
